 Dungeon Crawl Stone Soup version bcrawl-1.38.3 (webtiles) character file.

Game seed: 15626555535939061669

6875753 zoran the Warrior (level 14, -10/86 HPs)
             Began as a Felid Monk on May 27, 2023.
             Was an Elder of Elyvilon.
             Shot with a bolt by a yaktaur captain (33 damage)
             ... on level 1 of the Vaults on May 28, 2023.
             The game lasted 02:06:52 (39218 turns).

zoran the Warrior (Felid Monk)                     Turns: 39218, Time: 02:06:52

Health: -10/86     AC:  3    Str:  7    XL:     14   Next: 32%
Magic:  27/27      EV: 30    Int: 16    God:    Elyvilon [****..]
Gold:   1825       SH:  0    Dex: 19    Spells: 4/29 levels left
                                        Lives:  0   Deaths: 3

rFire    . . .     GDR:     30%   - Teeth and claws (17.3)
rCold    + + .     SeeInvis +   (shield unavailable)
rNeg     . . .     Gourm    .   (armour unavailable)
rPois    .         Faith    .   (helmet unavailable)
rElec    .         Spirit   .   F - scarf {repulsion}
rCorr    .         Reflect  .   (gloves unavailable)
MR       ++...                  (boots unavailable)
Stlth    +++++.....             A - amulet of magic regeneration
HPRegen  0.24/turn              H - ring of protection from cold
MPRegen  0.50/turn              C - ring of wizardry

@: repel missiles, quick
A: very small, no armour, no weapons or thrown items, stealth, claws 1, fangs 3,
see invisible, carnivore, speed 1, shaggy fur 3, slow metabolism 1, sharp paws
}: 1/15 runes: decaying
a: Lesser Healing, Heal Other, Purification, Greater Healing, Divine Protection,
Renounce Religion


You were on level 1 of the Vaults.
You worshipped Elyvilon.
Elyvilon was greatly pleased with you.
You were completely stuffed.

You visited 8 branches of the dungeon, and saw 26 of its levels.
You also visited: Gauntlet.

You collected 3049 gold pieces.
You spent 1224 gold pieces at shops.

Inventory:

Armour
 F - a scarf of repulsion (worn)
Jewellery
 a - an uncursed amulet of guardian spirit
 f - a +6 ring of intelligence
 o - a +7 ring of dexterity
 y - an uncursed ring of protection from fire
 z - a cursed ring of teleportation
 A - an amulet of magic regeneration (around neck)
 C - a ring of wizardry (right paw)
 E - an uncursed ring of poison resistance
 G - an uncursed amulet of rage
 H - a ring of protection from cold (left paw)
Wands
 t - a wand of disintegration (9)
 v - a wand of polymorph (10)
 x - a wand of digging (8)
Scrolls
 b - 10 scrolls of remove curse
 i - 2 scrolls of identify
 j - 7 scrolls of magic mapping
 k - a scroll of fog
 l - 5 scrolls of teleportation
 m - 3 scrolls of amnesia
 q - a scroll of silence
 J - a scroll of fear
Potions
 c - 6 potions of brilliance
 d - 2 potions of resistance
 g - 4 potions of haste
 h - 2 potions of ambrosia
 n - 4 potions of curing
 p - 3 potions of mutation
 r - 4 potions of might
 s - 2 potions of flight
 u - a potion of heal wounds
 D - a potion of agility
Comestibles
 e - 61 rations {!d}


   Skills:
 + Level 15.9 Fighting
 + Level 12.4 Dodging
 - Level 10.0 Stealth
 - Level 10.0 Unarmed Combat
 - Level 8.0 Spellcasting
 - Level 3.0 Conjurations
 - Level 5.0 Hexes
 - Level 5.0 Translocations
 - Level 5.0 Transmutations
 - Level 5.0 Ice Magic
 - Level 3.0 Air Magic
 - Level 5.0 Earth Magic
 - Level 3.0 Poison Magic
 + Level 7.4 Invocations
 - Level 10.0 Evocations


You had 4 spell levels left.
You knew the following spells:

 Your Spells              Type           Power        Failure   Level  Hunger
a - Blade Hands           Tmut           ###.......   16%         5    #####..
d - Tukima's Dance        Hex            ###.....     1%          3    None
f - Ice Form              Ice/Tmut       ###.....     6%          4    ###....
l - Blink                 Tloc           N/A          1%          2    None
p - Petrify               Tmut/Erth      ###.......   6%          4    ###....
q - Mephitic Cloud        Conj/Pois/Air  ###.....     4%          3    None
u - Stone Arrow           Conj/Erth      ###...       2%          3    None
z - Magic Dart            Conj           ###.         1%          1    None

Your spell library contained the following spells:

 Spells                   Type           Power        Failure   Level  Hunger
 Apportation              Tloc           ###...       1%          1    None
 Beastly Appendage        Tmut           ###...       1%          1    None
 Sandblast                Erth           ###...       1%          1    None
 Passwall                 Tmut/Erth      ###.....     1%          2    None
 Sticks to Snakes         Tmut           ###.....     1%          2    None
 Beckoning                Tloc           ###.......   1%          3    None
 Spider Form              Tmut/Pois      ###          2%          3    None
 Necrotize                Necr           #.....       4%          1    None
 Summon Butterflies       Summ           #.......     4%          1    None
 Summon Small Mammal      Summ           #...         4%          1    None
 Tree Form                Hex/Tmut       N/A          6%          4    ###....
 Call Imp                 Summ           #.....       7%          2    None
 Corpse Rot               Necr           N/A          7%          2    None
 Sublimation of Blood     Necr           #.........   7%          2    None
 Conjure Flame            Conj/Fire      ##......     8%          3    None
 Call Canine Familiar     Summ           #.......     13%         3    None
 Vampiric Draining        Necr           #.........   13%         3    None
 Airstrike                Air            ###.......   13%         4    ###....
 Summon Ice Beast         Ice/Summ       ##......     16%         4    ###....
 Agony                    Necr           #.......     38%         4    ###....
 Animate Dead             Necr           N/A          38%         4    ###....
 Lee's Rapid Deconstruct  Erth           ###.......   16%         5    #####..
 Silence                  Hex/Air        ###.......   24%         5    #####..
 Bolt of Draining         Conj/Necr      ##........   52%         5    #####..
 Summon Lightning Spire   Summ/Air       ##......     52%         5    #####..
 Invisibility             Hex            ###.....     61%         6    ######.
 Statue Form              Tmut/Erth      ###......    61%         6    ######.
 Dispel Undead            Necr           #.......     73%         5    #####..
 Borgnjor's Vile Clutch   Necr/Erth      ##........   91%         6    ######.
 Deflect Missiles         Chrm/Air       ##........   97%         6    ######.
 Dragon Form              Tmut           ###....      99%         7    #######
 Necromutation            Tmut/Necr      ##......     100%        8    #######
 Tornado                  Tloc/Air       ###.......   100%        8    #######


Dungeon Overview and Level Annotations

Branches:
Dungeon (12/12)            Temple (0/1) D:4            Lair (6/6) D:8
  Swamp (3/3) Lair:3        Snake (1/3) Lair:3        Slime (1/5) Lair:5
    Orc (1/1) D:9             Elf (1/3) Orc          Vaults (1/3) D:12
  Crypt (0/2) Vaults:1     Depths (0/5) D:12

Altars:
Cheibriados
Dithmenos
Elyvilon
Trog
Vehumet
Xom
The Shining One
Jiyva

Shops:
D:6 *:}   D:12 :   Orc [*(:

Annotations:
D:7 2 transporters, Argron's ghost, novice EnFi
D:10 2 transporters, Freyura's ghost, journeyman TrFi
Swamp:2 exclusion: door
Swamp:3 2 transporters, speilhur's ghost, adept VSRg Orc 3 runed translucent doors, 1 exclusion, Quickbrownfox's ghost, journeyman MiAc


Innate Abilities, Weirdness & Mutations

You cannot wear almost all types of armour.
You are incapable of wielding weapons or throwing items.
Your paws allow you to move quietly. (Stealth)
You have sharp claws.
You have razor-sharp teeth.
You have supernaturally acute eyesight. (SInv)
You are carnivorous and can eat meat at any time.
You cover ground quickly.
Your thick and shaggy fur keeps you warm. (AC +3, rC+)
You have a slow metabolism.
Your sharp claws are effective at attacking unaware monsters.


Message History

The slime creature hits you!
* * * LOW HITPOINT WARNING * * *
Blink to where?
Press: ? - help, Dir - move target cursor, p - titanic slime creature You are very lightly contaminated with residual magic.
As you read the scroll of blinking, it crumbles to dust.
Two slime creatures merge to form an enormous slime creature.
You feel yourself speed up.
Your magical contamination has completely faded away.
Your transformation is almost over.
Things that are here:
a +0 morningstar of protection; a +0 ring mail
Things that are here:
a +0 arbalest; 102 bolts You warm up again.
You start resting.
The slime creature is too close now for your liking.
The yaktaur captain wields a +0 arbalest.
The yaktaur captain shoots a bolt.
The bolt hits you!!
You die...

#############.[###########
#...........#..#.........#
#...........#c.#..#####..#
#...........#.)#..#...#..#
#...........#..'.##...##.#
#.#.#.#.#.#.#..#.#....)#.#
#∩..........#..#.#..>..'.#
#.#.#.#.#.#.#..#.#.....#[#
#...........'@.#.##...##.#
#..(........#..#..#...#..#
#...........#..#..#####..#
#...........#..#.......[.#
#############..###########
################..###############
...............................J.
#################################


You could see a yaktaur captain.

Vanquished Creatures
  the Lernaean hydra (Swamp:3)
  4 vault wardens (Vaults:1)
  An emperor scorpion (Swamp:3)
  A deep elf sorcerer (Elf:1)
  A stone giant (D:9)
  An ironheart preserver (Vaults:1)
  A vampire knight (Vaults:1)
  2 yaktaur captains (Vaults:1)
  An ice dragon (D:12)
  4 hydras
  A ghost crab (Swamp:3)
  A naga warrior (Lair:3)
  A shadow wraith (Vaults:1)
  2 ogre magi (Vaults:1)
  2 two-headed ogres
  11 alligators
  2 death knights
  A vampire mage (Vaults:1)
  2 deep elf knights (Vaults:1)
  3 orc high priests
  Nergalle (D:9)
  2 skeletal warriors
  A fire crab (shapeshifter) (D:11)
  4 centaur warriors (Vaults:1)
  3 swamp dragons
  5 wolf spider zombies
  2 lindwurms (Lair:6)
  A wizard (D:12)
  A cyclops (D:9)
  A phantasmal warrior (Vaults:1)
  Pikel (D:6)
  A necromancer (D:12)
  2 orc sorcerers (Orc)
  3 orc knights
  4 deep elf magi
  3 ugly things
  2 manticores
  3 elephants (Lair:6)
  6 will-o'-wisps (Swamp:3)
  A vault sentinel (Vaults:1)
  3 torpor snails (Lair:6)
  An efreet (D:10)
  12 cane toads
  5 yaktaurs
  2 rime drakes
  5 komodo dragons
  An eye of draining (Orc)
  A freezing wraith (D:12)
  2 tyrant leeches (Swamp:3)
  10 trolls
  Grinder (D:4)
  2 harpy skeletons
  2 meliai zombies
  3 polar bears
  11 bog bodies
  14 hornets
  3 blink frogs
  A blink frog (shapeshifter) (D:11)
  4 hippogriffs
  11 dream sheep
  20 slime creatures
  2 shadows (D:12)
  57 yaks
  3 wraiths
  Sigmund (D:6)
  2 wyverns
  6 spriggans
  5 hogs
  6 humans
  3 hungry ghosts
  9 vampire mosquitoes (Swamp:1)
  3 basilisks
  A naga (Lair:6)
  3 wargs (Orc)
  12 swamp worms
  2 acid dragons
  A dancing weapon (D:9)
  4 water moccasins
  10 crocodiles
  16 swamp drakes
  7 porcupines
  A slave (D:6)
  3 ice beasts
  19 orc warriors
  2 black bears
  5 necrophages
  3 sky beasts
  3 hornet zombies
  6 ogres
  5 boggarts
  A phantom (D:6)
  A boggart (shapeshifter) (D:12)
  5 wolves
  15 bullfrogs
  5 kobold brigands
  Blork the orc (D:6)
  A water moccasin zombie (D:6)
  4 centaurs
  9 scorpions
  A hornet simulacrum (D:10)
  9 killer bees
  6 wights
  An electric eel (D:10)
  4 howler monkeys
  16 orc priests
  7 crimson imps
  5 jellies
  A quasit (D:8)
  12 orc wizards
  A bullfrog skeleton (D:4)
  10 hounds
  5 iguanas
  4 worker ants
  A porcupine skeleton (D:10)
  3 mummies (D:12)
  A hound skeleton (D:6)
  A hound zombie (D:9)
  A howler monkey skeleton (D:10)
  A worker ant zombie (D:9)
  16 adders
  3 shadow imps
  An ooze (D:11)
  2 adder skeletons
  4 worms
  3 dart slugs
  4 leopard geckos
  46 orcs
  2 giant cockroaches
  7 goblins
  10 hobgoblins
  4 jackals (D:3)
  21 kobolds
  A quokka (D:2)
  A ball python (D:3)
  9 bats
  5 frilled lizards
  A jackal skeleton (D:5)
  7 rats
  A fungus (Lair:6)
  A plant (Lair:6)
685 creatures vanquished.

Vanquished Creatures (collateral kills)
  A two-headed ogre (D:11)
  A swamp dragon (Swamp:3)
  2 vault sentinels (Vaults:1)
  2 orc warriors (Orc)
  A swamp drake (Swamp:3)
  2 ogres (Vaults:1)
  A killer bee (D:9)
10 creatures vanquished.

Vanquished Creatures (others)
  2 hydras (Swamp:3)
  An elephant (Lair:6)
  A torpor snail (Lair:6)
  A queen bee (Lair:3)
  A vampire (D:10)
  A wraith (D:11)
  3 yaks
  9 dancing weapons
  2 steam dragons (Lair:6)
  A swamp drake (Swamp:3)
  A boggart (Swamp:2)
  17 killer bees (Lair:3)
  3 wights
  An orc (D:10)
  A briar patch (Swamp:2)
  21 fungi
  26 plants
92 creatures vanquished.

Grand Total: 787 creatures vanquished

Notes
Turn   | Place    | Note
-------+----------+-------------------------------------------
     0 | D:1      | zoran the Felid Monk began the quest for the Orb.
     0 | D:1      | Reached XP level 1. HP: 12/12 MP: 3/3
   141 | D:1      | Reached XP level 2. HP: 16/16 MP: 4/4
   805 | D:2      | Reached XP level 3. HP: 20/20 MP: 5/5
  1578 | D:3      | Noticed a kobold brigand
  1579 | D:3      | Reached XP level 4. HP: 24/24 MP: 6/6
  1684 | D:2      | Killed a kobold brigand
  1812 | D:3      | Reached skill level 5 in Dodging
  2065 | D:3      | Reached XP level 5. HP: 29/29 MP: 7/7
  2476 | D:4      | Noticed a sky beast
  2477 | D:4      | Reached skill level 4 in Fighting
  2479 | D:4      | Reached skill level 5 in Unarmed Combat
  2479 | D:4      | Killed a sky beast
  2544 | D:4      | Reached skill level 5 in Stealth
  2659 | D:4      | Found a staircase to the Ecumenical Temple.
  2723 | D:4      | Gained mutation: You are covered in thick fur. (AC +2)
                  | [Felid growth]
  2723 | D:4      | Reached XP level 6. HP: 33/33 MP: 8/8
  2734 | D:5      | Entered Level 5 of the Dungeon
  3143 | D:4      | Noticed Grinder
  3208 | D:4      | Paralysed by Grinder for 3 turns
  3230 | D:4      | Paralysed by Grinder for 4 turns
  3257 | D:4      | Killed Grinder
  3773 | D:4      | Reached XP level 7. HP: 38/38 MP: 9/9
  3795 | D:4      | Reached skill level 5 in Fighting
  4984 | D:6      | Reached XP level 8. HP: 44/44 MP: 10/10
  5135 | D:6      | Found Rageofo's Book Boutique.
  5144 | D:6      | Noticed Pikel
  5145 | D:6      | Reached skill level 6 in Fighting
  5191 | D:6      | Reached skill level 7 in Fighting
  5263 | D:6      | Found Vaexefao's General Store.
  5271 | D:6      | Bought a scroll of identify for 24 gold pieces
  5271 | D:6      | Bought a scroll of identify for 24 gold pieces
  5271 | D:6      | Bought a scroll of vulnerability for 90 gold pieces
  5271 | D:6      | Bought a potion of curing for 30 gold pieces
  5271 | D:6      | Bought a scroll of identify for 24 gold pieces
  5305 | D:6      | Noticed Sigmund
  5306 | D:6      | Reached skill level 1 in Spellcasting
  5313 | D:6      | Killed Sigmund
  5389 | D:6      | Found a shadowy altar of Dithmenos.
  5587 | D:6      | Killed Pikel
  5701 | D:6      | Found a shimmering altar of Xom.
  5715 | D:6      | Noticed Blork the orc
  5754 | D:6      | Killed Blork the orc
  5844 | D:6      | Found Jumaag's Gadget Shop.
  5853 | D:6      | Bought a wand of polymorph (14) for 72 gold pieces
  5853 | D:6      | Bought a wand of polymorph (8) for 43 gold pieces
  5932 | D:6      | Found a glowing golden altar of the Shining One.
  5940 | D:6      | Found a white marble altar of Elyvilon.
  5949 | D:6      | Found a radiant altar of Vehumet.
  6041 | D:6      | Became a worshipper of Elyvilon the Healer
  6041 | D:6      | Reached * piety under Elyvilon
  6041 | D:6      | Reached ** piety under Elyvilon
  6143 | D:7      | Noticed Argron's ghost (novice EnFi)
  6144 | D:7      | Reached XP level 9. HP: 50/50 MP: 13/16
  6146 | D:7      | Identified the cursed +1 great mace of No Interval {chaos,
                  | rN+ Int+2 Dex+3}
  6146 | D:7      | Noticed a two-headed ogre
  6147 | D:7      | Reached skill level 5 in Spellcasting
  6158 | D:7      | Found a transporter.
  6163 | D:7      | Found a transporter.
  6337 | D:7      | Reached skill level 10 in Stealth
  6438 | D:7      | Found a snail-covered altar of Cheibriados.
  7040 | D:7      | Reached *** piety under Elyvilon
  7184 | D:7      | Reached skill level 5 in Invocations
  7508 | D:8      | Reached skill level 1 in Evocations
  7515 | D:8      | Noticed a two-headed ogre
  7516 | D:8      | Reached XP level 10. HP: 54/54 MP: 18/18
  7649 | D:8      | Killed a two-headed ogre
  8790 | D:8      | Found a staircase to the Lair.
  9060 | Lair:1   | Entered Level 1 of the Lair of Beasts
  9061 | Lair:1   | Reached skill level 8 in Fighting
  9062 | Lair:1   | Noticed a cane toad
  9207 | Lair:1   | Reached **** piety under Elyvilon
  9214 | Lair:1   | Found a gate leading to a gauntlet.
  9223 | Gauntlet | Entered a Gauntlet
  9223 | Gauntlet | Found a transporter.
  9223 | Gauntlet | Found a transporter.
  9227 | Gauntlet | Found a transporter.
  9227 | Gauntlet | Noticed a death ooze
  9228 | Gauntlet | Found a transporter.
  9233 | Gauntlet | Found a transporter.
  9233 | Gauntlet | Found a transporter.
  9242 | Gauntlet | Noticed a blizzard demon
  9243 | Gauntlet | Reached skill level 5 in Evocations
  9244 | Gauntlet | Found a transporter.
  9244 | Gauntlet | Found a transporter.
  9331 | Gauntlet | Reached XP level 11. HP: 59/59 MP: 19/19
  9333 | Gauntlet | Found a transporter.
  9349 | Gauntlet | Found a transporter.
  9505 | Lair:1   | Reached skill level 9 in Fighting
  9521 | Lair:1   | Reached skill level 10 in Dodging
 10407 | Lair:2   | Reached ***** piety under Elyvilon
 10667 | Lair:2   | Reached skill level 10 in Unarmed Combat
 10990 | Lair:3   | Noticed a five-headed hydra
 11039 | Lair:2   | Pacified a five-headed hydra
 11101 | Lair:3   | Found a staircase to the Snake Pit.
 11210 | Lair:3   | Reached skill level 10 in Fighting
 11418 | Lair:3   | Noticed a seven-headed hydra
 11425 | Lair:3   | Killed a seven-headed hydra
 12131 | Lair:3   | Reached skill level 11 in Fighting
 12780 | Lair:3   | Found a staircase to the Swamp.
 13046 | Lair:4   | Noticed an eight-headed hydra
 13056 | Lair:4   | Killed an eight-headed hydra
 13462 | Lair:4   | Reached skill level 12 in Fighting
 14134 | Lair:5   | Gained mutation: Your thick and shaggy fur keeps you warm.
                  | (AC +3, rC+) [Felid growth]
 14134 | Lair:5   | Reached XP level 12. HP: 71/71 MP: 20/20
 14170 | Lair:5   | Noticed a five-headed hydra
 14262 | Lair:5   | Found a staircase to the Slime Pits.
 14262 | Lair:5   | Found a viscous altar of Jiyva.
 14269 | Lair:5   | Pacified a five-headed hydra
 15245 | Lair:5   | Reached skill level 13 in Fighting
 15551 | Lair:6   | Entered Level 6 of the Lair of Beasts
 16820 | Lair:6   | Found a runed door.
 16922 | Lair:6   | Reached skill level 14 in Fighting
 17963 | Lair:6   | Noticed a fire dragon
 18008 | Lair:6   | Noticed an ice dragon
 18008 | Lair:6   | Reached skill level 15 in Fighting
 18011 | Lair:6   | Pacified an ice dragon
 18546 | D:8      | Found a bloodstained altar of Trog.
 18727 | D:8      | Learned a level 2 spell: Blink
 18731 | D:8      | Learned a level 3 spell: Mephitic Cloud
 18836 | D:9      | Reached skill level 1 in Translocations
 18836 | D:9      | Reached XP level 13. HP: 78/80 MP: 21/21
 19079 | D:9      | Noticed Nergalle
 19080 | D:9      | Reached skill level 1 in Conjurations
 19080 | D:9      | Reached skill level 1 in Air Magic
 19080 | D:9      | Reached skill level 1 in Poison Magic
 19098 | D:9      | Killed Nergalle
 19255 | D:9      | Found a staircase to the Orcish Mines.
 19265 | D:9      | Found a roughly hewn altar of Beogh.
 20124 | D:10     | Entered Level 10 of the Dungeon
 21310 | D:10     | Found a shimmering altar of Xom.
 21460 | D:10     | Found a transporter.
 21500 | D:10     | Found a transporter.
 21501 | D:10     | Noticed Freyura's ghost (journeyman TrFi)
 22630 | D:11     | HP: 2/80 [skeletal warrior/+0 trident[a death knight] (25)]
 23067 | D:11     | Noticed Grum
 23479 | D:11     | Noticed Grum
 23479 | D:11     | Grum changed into Grum the ooze
 23485 | D:11     | Killed Grum the ooze
 23621 | D:11     | Reached skill level 5 in Translocations
 24116 | D:11     | Learned a level 3 spell: Tukima's Dance
 24247 | D:12     | Entered Level 12 of the Dungeon
 24336 | D:12     | Reached skill level 1 in Hexes
 24738 | D:12     | Found a gate to the Vaults.
 24907 | D:12     | Noticed a fire dragon
 24912 | D:12     | Noticed an ice dragon
 24915 | D:12     | Pacified a fire dragon
 24917 | D:12     | Found a staircase to the Depths.
 24939 | D:12     | Killed an ice dragon
 25452 | D:12     | Found Zuupomy's Book Boutique.
 25709 | D:12     | Bought a book of Changes for 275 gold pieces
 25715 | D:12     | Learned a level 5 spell: Blade Hands
 26392 | Orc      | Entered the Orcish Mines
 26450 | Orc      | Reached skill level 5 in Hexes
 26540 | Orc      | Found Onniedua's Book Shop.
 26567 | Orc      | Found Voquigus's General Store.
 26568 | Orc      | Reached skill level 1 in Transmutations
 26848 | Orc      | Found Kuona's Antique Weapon Shoppe.
 26952 | Orc      | Found a runed translucent gate.
 26952 | Orc      | Found a runed translucent gate.
 26952 | Orc      | Found a runed translucent gate.
 26954 | Orc      | Noticed Quickbrownfox's ghost (journeyman MiAc)
 26955 | Orc      | Reached XP level 14. HP: 78/86 MP: 25/25
 26967 | Orc      | Found a staircase to the Elven Halls.
 27224 | Orc      | Noticed Erolcha
 28107 | Orc      | Noticed Erolcha
 28107 | Orc      | Erolcha changed into Erolcha the eye of draining
 28112 | Orc      | Killed Erolcha the eye of draining
 28117 | Orc      | Noticed an orc warlord
 28124 | Orc      | Noticed a stone giant
 28124 | Orc      | an orc warlord changed into a stone giant
 28169 | D:9      | Killed from afar by an orc high priest
 28170 | D:9      | Reached XP level 13. HP: -3/80 MP: 25/25
 28232 | D:9      | Killed a stone giant
 28661 | Orc      | Bought a scroll of fear for 75 gold pieces
 28661 | Orc      | Bought a scroll of blinking for 112 gold pieces
 28692 | Orc      | Found Dyurch's Antique Armour Shoppe.
 29005 | Orc      | Bought a book of Geomancy for 455 gold pieces
 29010 | Orc      | Learned a level 4 spell: Petrify
 29018 | Orc      | Learned a level 4 spell: Ice Form
 29154 | Swamp:1  | Entered Level 1 of the Swamp
 29172 | Lair:3   | Slain by an alligator
 29173 | Lair:3   | Reached XP level 12. HP: -1/76 MP: 23/24
 29216 | Lair:3   | Killed an alligator
 29338 | Swamp:1  | Noticed an alligator
 29341 | Swamp:1  | Noticed an alligator
 29341 | Swamp:1  | Noticed an alligator
 29341 | Swamp:1  | Noticed an alligator
 29342 | Swamp:1  | Reached skill level 1 in Earth Magic
 29874 | Snake:1  | Entered Level 1 of the Snake Pit
 29874 | Snake:1  | Noticed a naga warrior
 29874 | Snake:1  | Noticed a naga warrior
 30036 | Lair:2   | Learned a level 3 spell: Stone Arrow
 30122 | Lair:3   | Killed a naga warrior
 30295 | Lair:3   | Killed an alligator
 30516 | Swamp:1  | Noticed an alligator
 30698 | Swamp:1  | Noticed a four-headed hydra
 30840 | Swamp:1  | Learned a level 1 spell: Magic Dart
 30848 | Swamp:1  | Noticed a spriggan rider
 30848 | Swamp:1  | Noticed a five-headed hydra
 30881 | Swamp:1  | Pacified an alligator
 30887 | Swamp:1  | Pacified a five-headed hydra
 31115 | Swamp:1  | Noticed an alligator
 31115 | Swamp:1  | Noticed a spriggan rider
 31193 | Swamp:1  | Killed an alligator
 31210 | Swamp:1  | Killed an alligator
 31296 | Swamp:1  | Noticed an alligator
 31301 | Swamp:1  | Killed an alligator
 31317 | Swamp:1  | Killed an alligator
 31516 | Swamp:1  | Noticed a five-headed hydra
 31520 | Swamp:1  | Pacified a five-headed hydra
 31529 | Swamp:1  | Pacified a four-headed hydra
 31533 | Swamp:1  | Killed an alligator
 31802 | Swamp:1  | Noticed a spriggan rider
 31934 | Swamp:1  | Reached XP level 13. HP: 80/80 MP: 26/26
 32109 | Swamp:2  | Reached skill level 5 in Transmutations
 32237 | Swamp:2  | Reached skill level 10 in Evocations
 33030 | Swamp:3  | Entered Level 3 of the Swamp
 33048 | Swamp:3  | HP: 1/96 [alligator (24)]
 33050 | Swamp:3  | Mangled by an alligator
 33051 | Swamp:3  | Reached XP level 12. HP: -10/91 MP: 14/25
 33123 | Swamp:3  | Killed an alligator
 33132 | Swamp:3  | Killed an alligator
 33335 | Swamp:3  | Noticed Donald
 33336 | Swamp:3  | Reached skill level 5 in Earth Magic
 33346 | Swamp:3  | Noticed Donald
 33346 | Swamp:3  | Donald changed into Donald the emperor scorpion
 33354 | Swamp:3  | Found a transporter.
 33355 | Swamp:3  | Identified the +6 broad axe "Undertaker" {holy, rPois}
 33355 | Swamp:3  | Noticed a spriggan berserker
 33503 | Swamp:3  | Noticed an alligator
 33528 | Swamp:3  | Noticed a spriggan berserker
 33533 | Swamp:3  | Noticed a spriggan rider
 33534 | Swamp:3  | Reached skill level 1 in Ice Magic
 33539 | Swamp:3  | Killed an alligator
 33575 | Swamp:3  | Noticed a spriggan rider
 33587 | Swamp:3  | Found a transporter.
 33587 | Swamp:3  | Noticed speilhur's ghost (adept VSRg)
 33591 | Swamp:3  | Found a bloodstained altar of Trog.
 33599 | Swamp:3  | Noticed a spriggan rider
 33632 | Swamp:3  | Noticed a spriggan rider
 33649 | Swamp:3  | Killed Donald the emperor scorpion
 33767 | Swamp:3  | Noticed a five-headed hydra
 33933 | Swamp:3  | Noticed a four-headed hydra
 33934 | Swamp:3  | Reached XP level 13. HP: 81/81 MP: 22/26
 34642 | Swamp:3  | Noticed the 27-headed Lernaean hydra
 35035 | Swamp:3  | Killed the 27-headed Lernaean hydra
 35063 | Swamp:3  | Found the +2 shield of Resistance {rF+ rC+ MR+}
 35074 | Swamp:3  | Got a decaying rune of Zot
 35144 | Swamp:2  | Noticed a thorn hunter
 35613 | Slime:1  | Entered Level 1 of the Pits of Slime
 35613 | Slime:1  | Noticed an azure jelly
 35614 | Slime:1  | Reached skill level 5 in Ice Magic
 35780 | Elf:1    | Entered Level 1 of the Elven Halls
 35836 | Elf:1    | Noticed a deep elf sorcerer
 35939 | Elf:1    | Killed a deep elf sorcerer
 36466 | Vaults:1 | Entered Level 1 of the Vaults
 36506 | Vaults:1 | Found a staircase to the Crypt.
 36506 | Vaults:1 | Noticed a vampire knight
 36833 | Vaults:1 | Killed a vampire knight
 37077 | Vaults:1 | Noticed a yaktaur captain
 37215 | Vaults:1 | Killed a yaktaur captain
 37283 | Vaults:1 | Noticed a vault warden
 37296 | Vaults:1 | Killed a vault warden
 37300 | Vaults:1 | Noticed a vault warden
 37334 | Vaults:1 | Killed a vault warden
 37586 | Vaults:1 | Reached XP level 14. HP: 86/86 MP: 27/27
 37971 | Vaults:1 | Noticed an ironheart preserver
 38019 | Vaults:1 | Killed an ironheart preserver
 38429 | Vaults:1 | Noticed a vault warden
 38840 | Vaults:1 | Noticed a vault warden
 38860 | Vaults:1 | Killed a vault warden
 38877 | Vaults:1 | Killed a vault warden
 39218 | Vaults:1 | Shot with a bolt by a yaktaur captain

Skill      XL: |  1  2  3  4  5  6  7  8  9 10 11 12 13 14 |
---------------+-------------------------------------------+-----
Unarmed Combat | 4 5 7 9 10 | 10.0
Stealth        | 4 5 8 10 | 10.0
Dodging        | 5 6 7 9 10 11 12 | 12.4
Fighting       | 4 5 7 8 12 15 | 15.9
Spellcasting   | 4 5 8 6 7 |  8.0
Invocations    | 5 6 7 |  7.4
Evocations     | 2 5 10 9 | 10.0
Translocations | 1 5 |  5.0
Conjurations   | 3 |  3.0
Air Magic      | 3 |  3.0
Poison Magic   | 3 |  3.0
Hexes          | 5 |  5.0
Transmutations | 4 5 3 |  5.0
Earth Magic    | 5 4 |  5.0
Ice Magic      | 3 5 |  5.0

Action                   |  1- 3 |  4- 6 |  7- 9 | 10-12 | 13-15 || total
-------------------------+-------+-------+-------+-------+-------++-------
Melee: Unarmed           |   116 |   168 |   374 |  1310 |  1465 ||  3433
       Bite              |     9 |    16 |    44 |   148 |   181 ||   398
       Punch             |     1 |     3 |    23 |    59 |    71 ||   157
 Cast: Stone Arrow       |       |       |       |    44 |    22 ||    66
       Petrify           |       |       |       |    34 |    54 ||    88
       Magic Dart        |       |       |       |    27 |    65 ||    92
       Ice Form          |       |       |       |    21 |    21 ||    42
       Mephitic Cloud    |       |       |       |    12 |    26 ||    38
       Tukima's Dance    |       |       |       |     9 |    47 ||    56
       Blink             |       |       |       |     1 |     1 ||     2
       Blade Hands       |       |       |       |       |    15 ||    15
Invok: Heal Other        |       |       |       |    56 |    42 ||    98
       Lesser Healing    |       |       |       |     2 |     1 ||     3
       Greater Healing   |       |       |       |     2 |     1 ||     3
       Purification      |       |       |       |     1 |       ||     1
       Divine Vigour     |       |       |       |     1 |       ||     1
 Abil: End Transformatio |       |       |       |       |     1 ||     1
Evoke: Wand              |       |       |       |    31 |    78 ||   109
  Use: Scroll            |       |    10 |     6 |    17 |    12 ||    45
       Potion            |       |     4 |     1 |     5 |     5 ||    15
 Stab: Sleeping          |    12 |     6 |    12 |    36 |    19 ||    85
       Distracted        |     1 |     1 |       |     4 |     9 ||    15
       Held in net/web   |       |       |     3 |       |       ||     3
       Confused          |       |       |       |    13 |    23 ||    36
       Petrified         |       |       |       |    31 |    40 ||    71
       Petrifying        |       |       |       |     5 |     5 ||    10
  Eat: Chunk             |    11 |     8 |    21 |    75 |    70 ||   185
       Ration            |       |       |       |       |     4 ||     4
Armor: Skin              |     2 |     9 |    24 |    54 |    61 ||   150
Dodge: Dodged            |    66 |   126 |   262 |  1205 |  1413 ||  3072
       Deflected         |       |       |       |    12 |    18 ||    30
